 Dungeon Crawl Stone Soup version 0.32-a0-540-g866d13106e (webtiles) character file.

Game seed: 9266512760438810192

4925 sleeves the Grappler (level 10, -1/58 HPs)
             Began as a Vine Stalker Shapeshifter on Feb 28, 2024.
             Was a Priest of Cheibriados.
             Constricted to death by Erica (2 damage)
             ... on level 8 of the Dungeon.
             The game lasted 00:09:44 (6312 turns).

sleeves the Grappler (Vine Stalker Shapeshifter)    Turns: 6312, Time: 00:09:45

Health: -1/58      AC:  8    Str: 29    XL:     10   Next: 52%
Magic:  0/11       EV:  5    Int: 17    God:    Cheibriados [***...]
Gold:   560        SH:  6    Dex: 20    Spells: 9/9 levels left

rFire   + .          .
                       - Unarmed
rCold   + . .        l - +0 buckler
rNeg    . . .        h - +0 scale mail
rPois   +            (helmet restricted)
rElec   +            (no cloak)
rCorr   +            (no gloves)
SInv    +            (no boots)
Will    +....        n - amulet of magic regeneration Stlth
                     w - ring of see invisible
HPRegen 1.09/turn    C - +5 ring of evasion
MPRegen 0.52/turn

%: guardian spirit
@: mighty, resistant, constricted, very slow
A: fangs 3, regeneration 1, magic shield, antimagic bite, no potion heal 2,
horns 1, iridescent scales 1
a: Renounce Religion, Bend Time, Temporal Distortion


You were on level 8 of the Dungeon.
You worshipped Cheibriados.
Cheibriados was most pleased with you.
You visited 2 branches of the dungeon, and saw 9 of its levels.

You collected 560 gold pieces.

Inventory:

Missiles
 k - 3 poisoned darts (quivered)
 q - 5 atropa-tipped darts
 r - 3 curare-tipped darts
Armour
 f - a +0 helmet
   (You found it on level 1 of the Dungeon)
 h - a +0 scale mail (worn)
   (You found it on level 1 of the Dungeon)
 l - a +0 buckler (worn)
   (You found it on level 1 of the Dungeon)
Jewellery
 n - an amulet of magic regeneration (around neck)
   (You found it on level 2 of the Dungeon)
 w - a ring of see invisible (left hand)
   (You took it off a hobgoblin on level 4 of the Dungeon)
 C - a +5 ring of evasion (right hand)
   (You found it on level 7 of the Dungeon)
 F - an amulet of reflection
   (You found it on level 7 of the Dungeon)
 G - an amulet of the acrobat
   (You found it on level 7 of the Dungeon)
Talismans
 c - a beast talisman
 d - a flux talisman
Wands
 u - a wand of roots (20)
   (You found it on level 3 of the Dungeon)
 v - a wand of flame (5)
   (You took it off a kobold on level 4 of the Dungeon)
 H - a wand of mindburst (6)
   (You found it on level 7 of the Dungeon)
Scrolls
 a - a scroll of silence {unknown}
 g - a scroll of fear {unknown}
 i - 2 scrolls of poison {unknown}
 j - a scroll of enchant weapon {unknown}
 m - a scroll of torment {unknown}
 o - a scroll of blinking {unknown}
 p - 3 scrolls of teleportation {unknown}
 s - 4 scrolls of identify {unknown}
 t - 2 scrolls of vulnerability {unknown}
 x - a scroll of butterflies {unknown}
 y - a scroll of immolation {unknown}
 B - a scroll of amnesia {unknown}
Potions
 b - a potion of lignification
 e - a potion of berserk rage {unknown}
 E - a potion of heal wounds {unknown}


   Skills:
 + Level 9.7 Fighting
 + Level 0.0 Armour
 + Level 1.5 Dodging
 - Level 5.0 Shields
 - Level 10.0 Unarmed Combat
 + Level 0.0 Invocations
 - Level 3.0 Shapeshifting


You had 9 spell levels left.
You didn't know any spells.
Your spell library contained the following spells:

 Spells                   Type           Power      Damage    Failure   Level
 Static Discharge         Conj/Air       0%         3-3/arc   67%         2
 Sublimation of Blood     Necr           0%         N/A       67%         2
 Stone Arrow              Conj/Erth      0%         3d7       88%         3
 Airstrike                Air            0%         2d(0-16)  99%         4
 Animate Armour           Summ/Erth      0%         N/A       99%         4
 Petrify                  Alch/Erth      0%         N/A       99%         4
 Summon Lightning Spire   Summ/Air       0%         N/A       99%         4
 Irradiate                Conj/Alch      0%         3d11      100%        5
 Lehudib's Crystal Spear  Conj/Erth      0%         10d2      100%        8


Dungeon Overview and Level Annotations

Branches:
Dungeon (8/15)             Temple (1/1) D:5
   Lair: D:8-11

Altars:
Ashenzari
Cheibriados
Dithmenos
Elyvilon
Fedhas
Gozag
Makhleb
Nemelex Xobeh
Qazlal
Ru
Sif Muna
Trog
Vehumet
Xom
The Shining One

Shops:
D:5 *

Annotations:
D:8 Erica


Innate Abilities, Weirdness & Mutations

You have razor-sharp teeth.
Your natural rate of healing is unusually fast.
When hurt, damage is shared between your health and your magic reserves.
Your bite disrupts and absorbs the magic of your enemies.
Potions cannot restore your health.
You have a pair of small horns on your head.
You are partially covered in iridescent scales. (AC +2)


Message History

You bite the scorpion, but do no damage.
The scorpion is severely wounded.
The scorpion stings you but does no damage.
You closely miss the scorpion.
You bite the scorpion, but do no damage.
The scorpion is severely wounded.
The scorpion stings you but does no damage.
You punch the scorpion!
You kill the scorpion!
Cheibriados thoroughly appreciates the change of pace.
No target in view!
No target in view!
Search for what [Enter for "dart", or ? for help]? armor HP restored.
D - a metallic silvery potion
Found an escape hatch in the floor.
You see here a +0 dagger.
You now have 501 gold pieces (gained 12).
There is an escape hatch in the ceiling here.
A bullfrog comes into view.
Found a book of Storms and a ring mail.
The bullfrog croaks.
A bullfrog is nearby!
A bullfrog is nearby!
A bullfrog is nearby!
You hit the bullfrog. You bite the bullfrog. You drain its power.
The bullfrog is moderately wounded.
The bullfrog hits you but does no damage.
You barely miss the bullfrog. Your bite misses the bullfrog.
The bullfrog is moderately wounded.
The bullfrog hits you. The bullfrog closely misses you.
You closely miss the bullfrog. Your bite misses the bullfrog.
The bullfrog is moderately wounded.
The bullfrog completely misses you.
You hit the bullfrog. Your bite misses the bullfrog.
The bullfrog is moderately wounded.
The bullfrog misses you.
You closely miss the bullfrog. You bite the bullfrog! You drain its power.
The bullfrog is almost dead.
The bullfrog barely misses you.
An orc comes into view. It is wielding a +0 dagger.
The orc shouts!
You hit the bullfrog.
You kill the bullfrog!
Cheibriados thoroughly appreciates the change of pace.
Cheibriados raises the support of your attributes as your movement slows.
You see here a bullfrog corpse.
You punch the orc!
You kill the orc!
Cheibriados appreciates the change of pace.
No target in view!
Things that are here:
a +0 dagger; a +0 plate armour
Found a leather armour.
You pick up a book of Storms and begin reading...
You add the spells Static Discharge, Airstrike and Summon Lightning Spire to your library.
You now have 514 gold pieces (gained 13).
An orc comes into view. It is wielding a +0 dagger.
Found a rapier.
The orc shouts!
An orc is nearby!
An orc is nearby!
An orc is nearby!
A shadow imp comes into view.
Found a lumpy ruby potion.
The shadow imp shouts, "Turn tail, thou erky fool-born pigeon-egg!"
The orc hits you but does no damage.
You punch the orc!
You kill the orc!
Cheibriados appreciates the change of pace.
You punch the shadow imp!
You kill the shadow imp!
Cheibriados appreciates the change of pace.
No target in view!
No target in view!
No target in view!
No target in view!
You see here a +0 dagger.
E - a lumpy ruby potion A water moccasin comes into view.
The water moccasin hisses angrily.
A water moccasin is nearby!
A water moccasin is nearby!
You punch the water moccasin!
The water moccasin is moderately wounded.
The water moccasin completely misses you.
You punch the water moccasin! Your bite misses the water moccasin.
The water moccasin is severely wounded.
The water moccasin bites you.
The water moccasin bites you but does no damage.
You closely miss the water moccasin. You bite the water moccasin.
You drain its power.
You feel invigorated.
The water moccasin is almost dead.
The water moccasin barely misses you.
You punch the water moccasin!
You kill the water moccasin!
Cheibriados appreciates the change of pace.
No target in view!
No target in view!
No target in view!
No target in view!
No target in view!
No target in view!
You see here a water moccasin corpse.
F - an amulet of reflection A lemure comes into view.
The lemure shouts!
You hear a shout! x3
A lemure comes into view.
There are monsters nearby!
The lemure shouts!
You hit the lemure but do no damage. You block the lemure's attack.
The lemure attacks as it pursues you! You block the lemure's attack.
You pummel the lemure!!
The lemure is severely wounded.
Pikel, Merchant of Souls comes into view.
He is wielding a +1 whip of flaming.
The lemure hits you but does no damage.
You miss the lemure. Your bite misses the lemure.
The lemure is severely wounded.
The lemure hits you but does no damage.
You punch the lemure!
You kill the lemure!
That felt strangely unrewarding.
A lemure comes into view.
You miss Pikel. You hit Pikel but do no damage. You bite Pikel.
You drain his power.
Pikel is lightly wounded.
Pikel completely misses you.
You closely miss Pikel.
Pikel is lightly wounded.
Pikel hits you with a +1 whip of flaming.
Pikel burns you.
You closely miss Pikel.
Pikel is lightly wounded.
Pikel cracks his whip.
Pikel hits you with a +1 whip of flaming.
Pikel burns you.
You closely miss Pikel.
Pikel is lightly wounded.
Pikel misses you.
You hit Pikel. Your bite misses Pikel.
Pikel is lightly wounded.
Pikel hits you with a +1 whip of flaming.
Pikel burns you.
You barely miss Pikel. Your bite misses Pikel.
Pikel is lightly wounded.
You pummel Pikel!! You bite Pikel!
You kill Pikel!
Cheibriados appreciates the change of pace.
With Pikel's spell broken, his former minions thank you for their freedom.
The lemure departs this earthly plane. x2
Training target 5.0 for Shields reached!
Your Fighting skill increases to level 5!
Your Shields skill increases to level 5!
No target in view!
No target in view!
No target in view!
No target in view!
No target in view!
No target in view!
Things that are here:
a +1 whip of flaming; a +0 robe; the kobold corpse of Pikel Magic restored.
G - an amulet of the acrobat
Found a stone staircase leading down.
You now have 527 gold pieces (gained 13).
Found a dagger.
Found a shimmering altar of Xom.
A bullfrog comes into view.
A bullfrog is nearby!
The bullfrog gives a loud, deep croak!
A centaur comes into view.
The centaur shouts!
The bullfrog misses you.
You punch the bullfrog! You bite the bullfrog!
You kill the bullfrog!
Cheibriados appreciates the change of pace.
The centaur wields a +0 shortbow.
The centaur shoots an arrow.
The arrow closely misses you.
Found a scroll labelled WUTI COEGHAY.
The centaur shoots an arrow.
You block the arrow.
The centaur shoots an arrow.
The arrow hits you!
The centaur shoots an arrow.
The arrow hits you.
You see here a bullfrog corpse.
The centaur shoots an arrow.
The arrow closely misses you.
The centaur shoots an arrow.
You block the arrow.
The centaur unwields a +0 shortbow.
You block the centaur's attack. The centaur barely misses you.
You block the centaur's attack. The centaur barely misses you.
There is a shimmering altar of Xom here.
You punch the centaur!
The centaur is heavily wounded.
The centaur misses you. You block the centaur's attack.
You punch the centaur!
You kill the centaur!
Cheibriados thoroughly appreciates the change of pace.
Your Fighting skill increases to level 6!
No target in view!
No target in view!
You see here a +0 shortbow.
t - 2 scrolls labelled WUTI COEGHAY (gained 1)
You see here a +0 trident.
Found a stone staircase leading down.
There is a stone staircase leading down here.
H - a wand of mindburst (6)
A sky beast comes into view.
Found a serpent talisman.
A sky beast is nearby!
You punch the sky beast!
The sky beast is moderately wounded.
The sky beast completely misses you.
You punch the sky beast! Your bite misses the sky beast.
The sky beast is severely wounded.
The sky beast hits you. The sky beast shocks you.
You hit the sky beast.
The sky beast is almost dead.
You punch the sky beast!
You kill the sky beast!
Cheibriados appreciates the change of pace.
No target in view!
No target in view!
You see here a sky beast corpse.
A black bear comes into view.
The black bear growls angrily.
A black bear is nearby!
A black bear is nearby!
A black bear is nearby!
You punch the black bear! You bite the black bear! You drain its power.
The black bear is almost dead.
The black bear goes berserk!
You punch the black bear!
You kill the black bear!
Cheibriados appreciates the change of pace.
No target in view!
No target in view!
No target in view!
No target in view!
No target in view!
No target in view!
No target in view!
Found a stone staircase leading up.
There is a stone staircase leading up here.
You now have 535 gold pieces (gained 8).
You now have 551 gold pieces (gained 16).
You see here a bullfrog skeleton.
You see here a +0 leather armour.
A water moccasin comes into view.
The water moccasin hisses angrily.
A water moccasin is nearby!
You hit the water moccasin. You bite the water moccasin. You drain its power.
The water moccasin is lightly wounded.
The water moccasin barely misses you.
You punch the water moccasin!
The water moccasin is heavily wounded.
The water moccasin closely misses you.
You barely miss the water moccasin. Your bite misses the water moccasin.
The water moccasin is heavily wounded.
The water moccasin bites you.
The water moccasin bites you but does no damage.
You pummel the water moccasin!!
You kill the water moccasin!
Cheibriados thoroughly appreciates the change of pace.
No target in view!
No target in view!
No target in view!
No target in view!
Done exploring.
Done exploring.
Done exploring.
There is a stone staircase leading down here.
You climb downwards.
Prince Ribbit gives a loud, deep croak!
You hear a bellow!
Found 6 stones and a scroll labelled TAZXEO VUSHI.
There is a stone staircase leading up here.
Prince Ribbit is nearby!
Prince Ribbit blinks!
Prince Ribbit lets out a mournful croak.
Prince Ribbit closely misses you. Prince Ribbit barely misses you.
You climb upwards.
There is a stone staircase leading down here.
You hit Prince Ribbit. Your bite misses Prince Ribbit.
Prince Ribbit is lightly wounded.
Prince Ribbit hits you!
You barely miss Prince Ribbit.
Prince Ribbit is lightly wounded.
Prince Ribbit blinks!
Prince Ribbit blinks!
You punch Prince Ribbit! Your bite misses Prince Ribbit.
Prince Ribbit is heavily wounded.
Prince Ribbit misses you. You block Prince Ribbit's attack.
You pummel Prince Ribbit!! Your bite misses Prince Ribbit.
Prince Ribbit is almost dead.
Prince Ribbit hits you.
You barely miss Prince Ribbit. Your bite misses Prince Ribbit.
Prince Ribbit is almost dead.
Prince Ribbit closely misses you.
You barely miss Prince Ribbit. Your bite misses Prince Ribbit.
Prince Ribbit is almost dead.
Prince Ribbit completely misses you.
You hit Prince Ribbit but do no damage.
Prince Ribbit is almost dead.
Prince Ribbit hits you!
Prince Ribbit blinks!
Prince Ribbit hits you but does no damage.
You hit Prince Ribbit.
Prince Ribbit is almost dead.
Prince Ribbit blinks!
Prince Ribbit blinks!
Prince Ribbit hits you but does no damage.
You miss Prince Ribbit.
Prince Ribbit is almost dead.
Prince Ribbit blinks!
You punch Prince Ribbit!
You kill Prince Ribbit!
Cheibriados thoroughly appreciates the change of pace.
Cheibriados raises the support of your attributes as your movement slows.
Prince Ribbit returns to his original shape as he dies.
Your Fighting skill increases to level 7!
No target in view!
There is a stone staircase leading down here.
You climb downwards.
There is a stone staircase leading up here.
An orc wizard comes into view. It is wielding a +0 dagger.
The orc wizard shouts!
You hear a bellow!
You hear a shout!
The orc wizard gestures at you while chanting.
The magic dart hits you.
A yak comes into view.
You see here a scroll labelled TAZXEO VUSHI.
There are monsters nearby!
The orc wizard casts a spell.
The orc wizard flickers and vanishes for a moment.
The orc wizard hits you but does no damage.
You hit the orc wizard. Your bite misses the orc wizard.
The orc wizard is moderately wounded.
The orc wizard hits you but does no damage.
You punch the orc wizard!
You kill the orc wizard!
Cheibriados appreciates the change of pace.
No target in view!
No target in view!
A yak comes into view.
The yak bellows!
You hear a shout!
A yak comes into view.
Things that are here:
a +0 dagger; a +0 robe; an orc corpse
There are monsters nearby!
There is a stone staircase leading up here.
You punch the yak! You bite the yak. You drain its power.
The yak is heavily wounded.
The yak bellows!
You hit the yak.
The yak is severely wounded.
You hear a bellow! x2; You hear a shout!
The yak completely misses you.
You hit the yak. Your bite misses the yak.
The yak is severely wounded.
The yak gores you.
You pummel the yak!!
You kill the yak!
Cheibriados appreciates the change of pace.
A yak comes into view.
You have reached level 10!
A bullfrog comes into view.
A yak comes into view.
The yak bellows!
The bullfrog croaks.
A yak comes into view.
The yak bellows!
You punch the yak! You bite the yak. You drain its power.
The yak is moderately wounded.
The yak barely misses you.
You hit the yak.
The yak is moderately wounded.
The bullfrog closely misses you. The yak gores you.
You climb upwards.
There is a stone staircase leading down here.
You hit the yak but do no damage. You bite the yak! You drain its power.
The yak is heavily wounded.
You block the yak's attack.
You hit the yak but do no damage. You bite the yak. You drain its power.
The yak is severely wounded.
The yak misses you.
You hit the yak. Your bite misses the yak.
The yak is severely wounded.
The yak barely misses you.
You completely miss the yak.
The yak is severely wounded.
You closely miss the yak. You bite the yak. You drain its power.
The yak is severely wounded.
The yak misses you.
You punch the yak! Your bite misses the yak.
The yak is almost dead.
The yak closely misses you.
You punch the yak!
You kill the yak!
Cheibriados appreciates the change of pace.
Your Fighting skill increases to level 8!
You see here the human corpse of Prince Ribbit.
There is a stone staircase leading down here.
You climb downwards.
Erica shouts!
The centaur shouts!
The centaur wields a +0 shortbow.
The centaur shoots an arrow.
The arrow hits you! Erica casts a spell at you. The bolt of poison hits you!!
You are poisoned.
* * * LOW HITPOINT WARNING * * *
Found a sling.
There is a stone staircase leading up here.
There are monsters nearby!
You feel very sick.
The centaur shoots an arrow.
You block the arrow. Erica casts a spell at you. You resist with some effort.
You climb upwards.
You feel very sick.
There is a stone staircase leading down here.
You start resting.
You feel sick. x7
Magic restored.
You feel sick.
You start resting.
You feel sick. x4
You are no longer poisoned.
HP restored.
You see here a bullfrog skeleton.
There is a stone staircase leading down here.
You start waiting.
Done waiting.
You climb downwards.
Level annotation: Erica Joseph shouts!
The kobold brigand shouts!
The kobold shouts! x2
You hear a shout!
There is a stone staircase leading up here.
There are monsters nearby!
There are monsters nearby!
Joseph hits you with a +1 antimagic quarterstaff!
You feel your power leaking away.
You climb upwards.
There is a stone staircase leading down here.
You punch Joseph!
Joseph is lightly wounded.
Joseph hits you with a +1 antimagic quarterstaff!
You feel your power leaking away.
* * * LOW MAGIC WARNING * * *
You are too injured to fight recklessly!
You are too injured to fight recklessly!
You turn into a tree.
Your +0 helmet melds into your body.
Your +0 scale mail melds into your body.
Your roots penetrate the ground.
Joseph hits you but does no damage.
You smack Joseph!
Joseph is heavily wounded.
You block Joseph's attack.
You smack Joseph!
Joseph is severely wounded.
Joseph hits you but does no damage.
You smack Joseph!
Joseph is severely wounded.
Joseph zaps a wand.
The roots erupt in riotous growth!
The grasping roots grab you!
Joseph is unaffected.
The grasping roots constrict you.
You pummel Joseph!!
You kill Joseph!
Cheibriados appreciates the change of pace.
You cannot move.
You start resting.
Magic restored.
You start resting.
HP restored.
You start resting.
Your transformation is almost over.
You feel less wooden.
Your +0 helmet unmelds from your body.
Your +0 scale mail unmelds from your body.
u - a wand of roots (20) (gained 11 charges)
Things that are here:
a +1 antimagic quarterstaff; a +0 sling; a +0 ring mail
There is a stone staircase leading down, spattered with blood here.
Unknown command.
You climb downwards.
Level annotation: Erica The bullfrog croaks.
The yak barely misses you. The yak gores you!
A kobold comes into view. It is wielding a +0 dagger.
A wight comes into view. It is wielding a +5 morningstar.
There is a stone staircase leading up, spattered with blood here.
The yak gores you!
You climb upwards.
There is a stone staircase leading down, spattered with blood here.
You punch the yak! Your bite misses the yak.
The yak is moderately wounded.
The yak gores you!
You are too injured to fight recklessly!
You are too injured to fight recklessly!
You are too injured to fight recklessly!
You are too injured to fight recklessly!
You are too injured to fight recklessly!
You are too injured to fight recklessly!
You are too injured to fight recklessly!
You are too injured to fight recklessly!
You are too injured to fight recklessly!
You are too injured to fight recklessly!
You are too injured to fight recklessly!
You are too injured to fight recklessly!
You are too injured to fight recklessly!
You are too injured to fight recklessly!
You punch the yak! You bite the yak. You drain its power.
You feel invigorated.
The yak is severely wounded.
You punch the yak!
You kill the yak!
Cheibriados appreciates the change of pace.
You start resting.
HP restored.
There is a stone staircase leading down, spattered with blood here.
You see here a bullfrog skeleton.
There is a stone staircase leading down here.
You climb downwards.
Level annotation: Erica The bullfrog gives a loud, deep croak!
The yak bellows! x2; You hear a shout!
A bullfrog comes into view.
The yak gores you!
There is a stone staircase leading up, spattered with blood here.
The bullfrog gives a loud, deep croak!
You block the yak's attack.
You climb upwards.
There is a stone staircase leading down here.
You barely miss the yak. You bite the yak, but do no damage. The yak gores you!
You are too injured to fight recklessly!
You are too injured to fight recklessly!
You are too injured to fight recklessly!
You are too injured to fight recklessly!
You are too injured to fight recklessly!
You are too injured to fight recklessly!
You are too injured to fight recklessly!
You are too injured to fight recklessly!
You are too injured to fight recklessly!
You are too injured to fight recklessly!
You are too injured to fight recklessly!
You are too injured to fight recklessly!
You are too injured to fight recklessly!
You are too injured to fight recklessly!
You closely miss the yak. You block the yak's attack.
You hit the yak but do no damage. You bite the yak! You drain its power.
You feel invigorated.
The yak is moderately wounded.
The yak gores you.
You closely miss the yak.
The yak is moderately wounded.
The yak gores you!
* * * LOW HITPOINT WARNING * * *
You punch the yak! Your bite misses the yak.
The yak is heavily wounded.
You punch the yak! Your bite misses the yak.
The yak is severely wounded.
The yak gores you!
* * * LOW HITPOINT WARNING * * *
You hit the yak. You bite the yak!
You kill the yak!
Cheibriados appreciates the change of pace.
You start resting.
Magic restored.
You start resting.
HP restored.
You climb downwards.
Level annotation: Erica The orc wizard shouts!
The orc shouts!
The kobold shouts!
You hear a shout!
The bullfrog barely misses you. The yak gores you! The bullfrog misses you.
There is a stone staircase leading up, spattered with blood here.
The bullfrog snags a nearby millipede with its tongue.
The bullfrog hits you.
You climb upwards.
There is a stone staircase leading down, spattered with blood here.
You punch the bullfrog!
The bullfrog is moderately wounded.
You block the bullfrog's attack. The yak gores you!
The bullfrog closely misses you.
You barely miss the bullfrog.
The bullfrog is moderately wounded.
You block the bullfrog's attack. The yak barely misses you.
You punch the bullfrog!
You kill the bullfrog!
Cheibriados appreciates the change of pace.
You punch the yak!
The yak is moderately wounded.
The yak barely misses you.
You closely miss the yak. You bite the yak! You drain its power.
You feel invigorated.
The yak is heavily wounded.
The yak gores you!
You are too injured to fight recklessly!
You are too injured to fight recklessly!
You are too injured to fight recklessly!
You are too injured to fight recklessly!
You hit the yak. You bite the yak. You drain its power.
You feel invigorated.
The yak is heavily wounded.
The yak gores you!
You hit the yak.
The yak is heavily wounded.
The yak gores you!
* * * LOW HITPOINT WARNING * * *
You closely miss the yak. You bite the yak. You drain its power.
You feel invigorated.
The yak is severely wounded.
The yak gores you!
* * * LOW HITPOINT WARNING * * *
You closely miss the yak. You bite the yak. You drain its power.
You feel invigorated.
The yak is almost dead.
You barely miss the yak.
The yak is almost dead.
The yak closely misses you.
You punch the yak!
You kill the yak!
Cheibriados appreciates the change of pace.
Your Fighting skill increases to level 9!
You start resting.
HP restored.
Unknown command.
Unknown command.
You see here a yak corpse.
You see here a bullfrog skeleton.
There is a stone staircase leading down, spattered with blood here.
Unknown command.
Unknown command.
You climb downwards.
Level annotation: Erica The orc wizard shouts!
The orc shouts!
The kobold shouts!
There is a stone staircase leading up, spattered with blood here.
The kobold throws a stone.
The stone closely misses you.
A kobold comes into view. It is wielding a +0 club.
You punch the orc wizard!
You kill the orc wizard!
Cheibriados appreciates the change of pace.
The bullfrog gives a loud, deep croak!
You punch the bullfrog! Your bite misses the bullfrog.
The bullfrog is heavily wounded.
The bullfrog hits you! The kobold hits you with a +0 club.
The kobold misses you.
You closely miss the bullfrog. You bite the bullfrog!
You kill the bullfrog!
Cheibriados appreciates the change of pace.
You block the kobold's attack. The kobold completely misses you.
You barely miss the kobold. The kobold barely misses you.
The kobold hits you but does no damage. The kobold misses you.
Magic restored.
The kobold hits you with a +0 whip. The orc misses you.
The kobold hits you but does no damage. The kobold misses you.
You climb upwards.
There is a stone staircase leading down, spattered with blood here.
You closely miss the kobold. Your bite misses the kobold.
You block the orc's attack. The kobold barely misses you.
The kobold closely misses you. The kobold barely misses you.
You barely miss the kobold. Your bite misses the kobold.
You block the orc's attack. The kobold hits you with a +0 whip.
You block the kobold's attack. The kobold barely misses you.
You punch the kobold!
You kill the kobold!
Cheibriados appreciates the change of pace.
You block the orc's attack. You block the kobold's attack.
The kobold misses you.
You barely miss the orc. You bite the orc!
You kill the orc!
Cheibriados appreciates the change of pace.
You hit the kobold.
You kill the kobold!
Cheibriados appreciates the change of pace.
The kobold closely misses you.
You punch the kobold!
You kill the kobold!
Cheibriados appreciates the change of pace.
No target in view!
No target in view!
No target in view!
No target in view!
No target in view!
No target in view!
No target in view!
No target in view!
No target in view!
No target in view!
No target in view!
No target in view!
No target in view!
No target in view!
Unknown command.
Unknown command.
Unknown command.
Unknown command.
You see here a +0 whip.
HP restored.
You see here a bullfrog skeleton.
You see here a yak skeleton.
There is a stone staircase leading down, spattered with blood here.
You climb downwards.
Level annotation: Erica
There is a stone staircase leading up, spattered with blood here.
You block the wight's attack.
You climb upwards.
There is a stone staircase leading down, spattered with blood here.
You punch the wight!
You destroy the wight!
Cheibriados appreciates the change of pace.
No target in view!
No target in view!
No target in view!
No target in view!
No target in view!
No target in view!
You climb downwards.
Level annotation: Erica The orc warrior shouts!
You hear a shout!
The bullfrog releases a deep croak.
The kobold hits you with a +0 dagger. The wight closely misses you.
The kobold barely misses you. The wight closely misses you.
There is a stone staircase leading up, spattered with blood here.
You pummel the wight!!
You destroy the wight!
Cheibriados appreciates the change of pace.
Cheibriados raises the support of your attributes as your movement slows.
The kobold closely misses you.
An orc comes into view. It is wielding a +0 whip.
The orc shouts!
You punch the kobold!
You kill the kobold!
Cheibriados appreciates the change of pace.
You hear a shout!
The bullfrog releases a deep croak.
The bullfrog hits you but does no damage.
The bullfrog hits you.
The orc warrior hits you with a +0 flail.
You climb upwards.
There is a stone staircase leading down, spattered with blood here.
You punch the bullfrog! Your bite misses the bullfrog.
The bullfrog is moderately wounded.
The bullfrog misses you. The bullfrog barely misses you.
You punch the bullfrog! You bite the bullfrog. You drain its power.
The bullfrog is almost dead.
The orc warrior completely misses you. You block the bullfrog's attack.
You miss the bullfrog. You bite the bullfrog. You drain its power.
The bullfrog is almost dead.
The bullfrog hits you. The orc warrior closely misses you.
You completely miss the bullfrog.
The bullfrog is almost dead.
The bullfrog misses you. You block the orc warrior's attack.
The bullfrog hits you.
You closely miss the bullfrog.
You bite the bullfrog, but do no damage.
The bullfrog is almost dead.
The bullfrog hits you but does no damage.
The orc warrior hits you with a +0 flail.
You hit the bullfrog.
You kill the bullfrog!
Cheibriados thoroughly appreciates the change of pace.
The orc warrior closely misses you.
You barely miss the orc warrior. You barely miss the orc warrior.
You bite the orc warrior. You drain its power.
You feel invigorated.
The orc warrior is lightly wounded.
The orc warrior hits you but does no damage.
You hit the orc warrior.
The orc warrior is lightly wounded.
The orc warrior hits you with a +0 flail!
You punch the orc warrior!
The orc warrior is heavily wounded.
The orc warrior hits you with a +0 flail.
You punch the orc warrior! You bite the orc warrior.
You kill the orc warrior!
Cheibriados appreciates the change of pace.
No target in view!
No target in view!
No target in view!
No target in view!
No target in view!
No target in view!
No target in view!
No target in view!
No target in view!
No target in view!
No target in view!
No target in view!
You start resting.
Magic restored.
You climb downwards.
Level annotation: Erica The orc closely misses you.
An orc priest comes into view. It is wielding a +0 club.
There is a stone staircase leading up, spattered with blood here.
The orc priest shouts!
You pummel the orc!!
You kill the orc!
Cheibriados appreciates the change of pace.
You can now warp the flow of time around you.
An orc priest comes into view.
It is wielding a +0 short sword and carrying a wand of roots.
An orc comes into view. It is wielding a +0 flail.
You closely miss the kobold.
The orc shouts!
Your bite misses the kobold. The kobold closely misses you.
You block the kobold's attack. You block the yak's attack.
You climb upwards.
There is a stone staircase leading down, spattered with blood here.
You punch the yak! Your bite misses the yak.
The yak is moderately wounded.
The yak completely misses you. The kobold hits you but does no damage.
You hit the yak but do no damage. You bite the yak! You drain its power.
The yak is severely wounded.
The yak gores you but does no damage. The kobold hits you but does no damage.
You punch the yak!
The yak is almost dead.
You punch the yak!
You kill the yak!
Cheibriados appreciates the change of pace.
The kobold misses you.
You barely miss the kobold. Your bite misses the kobold.
The kobold barely misses you.
You punch the kobold!
You kill the kobold!
Cheibriados appreciates the change of pace.
No target in view!
No target in view!
No target in view!
No target in view!
No target in view!
No target in view!
No target in view!
No target in view!
No target in view!
No target in view!
You climb downwards.
Level annotation: Erica The orc hits you but does no damage.
You block the orc's attack.
There is a stone staircase leading up, spattered with blood here.
The orc hits you with a +0 whip. The orc hits you with a +0 flail.
You climb upwards.
There is a stone staircase leading down, spattered with blood here.
You hit the orc. You bite the orc. You drain its power.
The orc is heavily wounded.
The orc completely misses you. You block the orc's attack.
You punch the orc!
You kill the orc!
Cheibriados appreciates the change of pace.
The orc closely misses you.
You punch the orc!
You kill the orc!
Cheibriados appreciates the change of pace.
No target in view!
No target in view!
No target in view!
No target in view!
No target in view!
No target in view!
No target in view!
No target in view!
No target in view!
You climb downwards.
Level annotation: Erica The orc priest misses you.
The kobold brigand hits you but does no damage.
You are poisoned.
You block the orc priest's attack.
There is a stone staircase leading up, spattered with blood here.
You hit the kobold brigand. Your bite misses the kobold brigand.
The kobold brigand is lightly wounded.
You feel sick. You block the kobold brigand's attack.
The orc priest barely misses you.
An orc comes into view. It is wielding a +0 trident.
HP restored.
You feel sick.
The orc shouts!
The kobold brigand hits you with a +1 short sword of venom.
You are more poisoned.
The orc priest closely misses you.
You climb upwards.
You feel very sick.
There is a stone staircase leading down, spattered with blood here.
You punch the kobold brigand!
The kobold brigand is severely wounded.
You feel sick.
You punch the kobold brigand!
You kill the kobold brigand!
Cheibriados appreciates the change of pace.
You feel sick.
The orc priest invokes the aid of Beogh against you.
Beogh smites you!
You are too injured to fight recklessly!
You are too injured to fight recklessly!
You are too injured to fight recklessly!
You are too injured to fight recklessly!
You are too injured to fight recklessly!
You are too injured to fight recklessly!
You are too injured to fight recklessly!
You are too injured to fight recklessly!
You are too injured to fight recklessly!
You are too injured to fight recklessly!
You are too injured to fight recklessly!
You pummel the orc priest!!
You kill the orc priest!
Cheibriados appreciates the change of pace.
Cheibriados raises the support of your attributes as your movement slows.
You feel sick.
You feel very sick.
Items here: ))) [[ ÷.
You feel sick.
There is a stone staircase leading down, spattered with blood here.
You feel sick.
Magic restored.
You feel sick.
You feel sick.
You feel sick.
You feel sick.
You feel sick.
You feel sick.
You are no longer poisoned.
HP restored.
Things that are here:
a +0 club; a +0 robe; a +5 morningstar You now have 560 gold pieces (gained 9).
k - 8 poisoned darts (gained 4)
Items here: )) ÷÷ ††.
Done exploring.
Done exploring.
There is a stone staircase leading down, spattered with blood here.
You climb downwards.
Level annotation: Erica The killer bee buzzes angrily. x2; The orc shouts!
You hear an angry buzzing noise.
The wight hits you with a +0 scimitar.
You feel drained.
There is a stone staircase leading up, spattered with blood here.
You hit the wight but do no damage. The wight hits you with a +0 scimitar!
You block the killer bee's attack. The wight closely misses you.
You climb upwards.
There is a stone staircase leading down, spattered with blood here.
You hit the wight. You bite the wight. You drain its power.
The wight is moderately damaged.
The wight barely misses you.
You punch the wight!
You destroy the wight!
Cheibriados appreciates the change of pace.
Your life force feels restored.
No target in view!
No target in view!
No target in view!
No target in view!
No target in view!
No target in view!
HP restored.
You see here the human skeleton of Prince Ribbit.
There is a stone staircase leading down here.
You climb downwards.
Level annotation: Erica Erica shouts!
There is a stone staircase leading up here.
You throw a poisoned dart. The poisoned dart barely misses Erica.
You throw a poisoned dart. The poisoned dart hits Erica.
Erica is poisoned.
You throw a poisoned dart. The poisoned dart hits Erica.
Erica is lightly wounded.
You throw a poisoned dart. The poisoned dart misses Erica.
A two-headed ogre comes into view.
It is wielding a +0 giant club and a +0 giant spiked club.
Erica says, "I'm so much better than you."
You throw a poisoned dart. The poisoned dart hits Erica.
Erica looks even sicker.
Erica is lightly wounded.
The two-headed ogre shouts in stereo!
Erica stares at you and mumbles some strange words.
You feel yourself slow down.
Erica stares at you and mumbles some strange words.
The bolt of poison misses you.
You climb upwards.
There is a stone staircase leading down here.
You feel yourself speed up.
You climb downwards.
Level annotation: Erica The two-headed ogre hits you with a +0 giant club!
The two-headed ogre closely misses you.
There is a stone staircase leading up, spattered with blood here.
Okay, then.
Okay, then.
Okay, then.
It was a potion of mutation.
You feel extremely strange.
Iridescent scales grow over part of your body.
A pair of horns grows on your head!
Your +0 helmet falls away!
Erica closely misses you. The two-headed ogre barely misses you.
The two-headed ogre completely misses you.
Okay, then.
It was a potion of resistance.
You feel protected. You block Erica's attack.
It was a potion of might.
You feel very mighty all of a sudden.
The two-headed ogre barely misses you. x2; Erica barely misses you.
Erica grabs you. Erica constricts you.
You hit the two-headed ogre. You bite the two-headed ogre!!
You drain its power.
You feel invigorated.
The two-headed ogre is heavily wounded.
Erica hits you with a +1 scimitar of flaming!
Erica constricts you.
The two-headed ogre hits you with a +0 giant club!
* * * LOW HITPOINT WARNING * * *
The two-headed ogre closely misses you.
You punch the two-headed ogre!
The two-headed ogre is severely wounded.
Erica completely misses you. Erica constricts you.
* * * LOW HITPOINT WARNING * * *
You punch the two-headed ogre! You headbutt the two-headed ogre.
The two-headed ogre is almost dead.
The two-headed ogre hits you with a +0 giant club!!
* * * LOW MAGIC WARNING * * *;
* * * LOW HITPOINT WARNING * * *
You block the two-headed ogre's attack. Erica hits you but does no damage.
Erica constricts you.
You die...
Erica begins burbling mirthfully and uncontrollably.
Cheibriados appreciates the motionlessness of death.

#...
####.#.###
.........#
.........#
.........#
.........#
........O#
(.(..(x@.#
)........#
.........#
.........#
.........#
##########


You could see Erica and a two-headed ogre.

Vanquished Creatures
  Pikel (D:7)
  Joseph (D:7)
  Prince Ribbit (D:7)
  6 yaks
  A steam dragon (D:5)
  4 water moccasins
  A sky beast (D:7)
  2 black bears
  An orc warrior (D:7)
  4 ogres
  A phantom (D:6)
  A centaur (D:7)
  A lemure (D:7)
  A kobold brigand (D:7)
  6 bullfrogs
  A water moccasin zombie (D:6)
  3 scorpions
  A wyvern skeleton (D:6)
  A water moccasin skeleton (D:6)
  3 wights
  4 bombardier beetles
  3 hounds
  A centaur zombie (D:6)
  2 orc priests
  A bullfrog skeleton (D:6)
  An iguana (D:4)
  5 orc wizards
  2 howler monkey zombies (D:6)
  A gnoll (D:5)
  14 adders
  A shadow imp (D:7)
  3 white imps
  2 ufetubi (D:6)
  2 ribbon worms
  A dart slug (D:2)
  28 orcs
  2 endoplasms (D:1)
  A giant cockroach (D:4)
  4 goblins
  7 hobgoblins
  5 jackals
  2 quokkas
  4 ball pythons
  4 bats
  5 frilled lizards
  11 kobolds
  3 rats
160 creatures vanquished.

Notes
Turn   | Place    | Note
-------+----------+-------------------------------------------
     0 | D:1      | sleeves the Vine Stalker Shapeshifter began the quest for
                  | the Orb.
     0 | D:1      | Reached XP level 1. HP: 9/9 MP: 2/2
   316 | D:1      | Reached XP level 2. HP: 14/14 MP: 3/3
   872 | D:2      | Reached skill level 4 in Unarmed Combat
   872 | D:2      | Reached XP level 3. HP: 12/17 MP: 4/4
  1035 | D:2      | Reached XP level 4. HP: 21/21 MP: 5/5
  1680 | D:3      | Reached skill level 5 in Unarmed Combat
  1907 | D:3      | Reached XP level 5. HP: 20/25 MP: 6/6
  1908 | D:4      | Found a radiant altar of Vehumet.
  1987 | D:4      | HP: 10/25 [poisoned by an orc wizard]
  1992 | D:4      | HP: 4/25 [poisoned by an orc wizard]
  1997 | D:4      | HP: 4/25 [poisoned by an orc wizard]
  2065 | D:4      | Reached skill level 6 in Unarmed Combat
  2094 | D:4      | Reached XP level 6. HP: 18/29 MP: 5/7
  2094 | D:4      | HP: 14/29 [burnt (4)]
  2246 | D:4      | HP: 12/29 [burnt (4)]
  2409 | D:4      | Reached skill level 7 in Unarmed Combat
  2883 | D:5      | Entered Level 5 of the Dungeon
  2961 | D:5      | HP: 9/29 [ogre/+0 giant club (20)]
  2964 | D:5      | Reached skill level 8 in Unarmed Combat
  2964 | D:5      | Reached XP level 7. HP: 12/32 MP: 4/8
  3019 | D:5      | HP: 10/32 [ogre/+0 giant club (11)]
  3043 | D:5      | Found a staircase to the Ecumenical Temple.
  3117 | Temple   | Entered the Ecumenical Temple
  3150 | Temple   | Became a worshipper of Cheibriados the Contemplative
  3452 | D:5      | Reached skill level 9 in Unarmed Combat
  3458 | D:5      | Gained mutation: You have razor-sharp teeth. [Vine Stalker
                  | growth]
  3458 | D:5      | Reached XP level 8. HP: 24/37 MP: 5/9
  3459 | D:5      | HP: 18/37 [burnt (4)]
  3518 | D:5      | Found Qetyef's Assorted Antiques.
  3650 | D:5      | Reached skill level 10 in Unarmed Combat
  3650 | D:5      | Reached skill level 1 in Fighting
  3743 | D:6      | Reached skill level 1 in Shields
  3805 | D:6      | Reached skill level 2 in Fighting
  3979 | D:6      | Reached * piety under Cheibriados
  4021 | D:6      | Reached skill level 2 in Shields
  4054 | D:6      | Reached skill level 3 in Fighting
  4064 | D:6      | Reached skill level 3 in Shields
  4233 | D:6      | Reached XP level 9. HP: 45/45 MP: 10/10
  4433 | D:6      | Reached skill level 4 in Fighting
  4433 | D:6      | Reached skill level 4 in Shields
  4855 | D:7      | Reached ** piety under Cheibriados
  4953 | D:7      | Noticed Pikel
  4963 | D:7      | Killed Pikel
  4964 | D:7      | Reached skill level 5 in Fighting
  4964 | D:7      | Reached skill level 5 in Shields
  5029 | D:7      | Found a shimmering altar of Xom.
  5040 | D:7      | Reached skill level 6 in Fighting
  5465 | D:8      | Noticed Prince Ribbit
  5491 | D:7      | Killed Prince Ribbit
  5492 | D:7      | Reached skill level 7 in Fighting
  5526 | D:8      | Reached XP level 10. HP: 56/56 MP: 11/11
  5541 | D:7      | Reached skill level 8 in Fighting
  5561 | D:8      | Noticed Erica
  5561 | D:8      | HP: 25/56 [Erica/bolt of poison (24)]
  5566 | D:7      | HP: 17/56 [poisoned by Erica (bolt of poison)]
  5572 | D:7      | HP: 17/56 [poisoned by Erica (bolt of poison)]
  5578 | D:7      | HP: 20/56 [poisoned by Erica (bolt of poison)]
  5742 | D:8      | Noticed Joseph
  5750 | D:7      | Killed Joseph
  5902 | D:7      | HP: 28/57 [yak (9)]
  5946 | D:7      | HP: 20/57 [yak (10)]
  5951 | D:7      | Reached skill level 9 in Fighting
  6161 | D:8      | Reached *** piety under Cheibriados
  6248 | D:8      | Noticed a two-headed ogre
  6307 | D:8      | Gained mutation: You are partially covered in iridescent
                  | scales. (AC +2) [potion of mutation]
  6307 | D:8      | Gained mutation: You have a pair of small horns on your
                  | head. [potion of mutation]
  6310 | D:8      | HP: 22/58 [two-headed ogre/+0 giant club (9)]
  6312 | D:8      | HP: 1/58 [two-headed ogre/+0 giant club (20)]
  6312 | D:8      | Constricted to death by Erica

Illustrated notes

Levels and vault maps discovered:
D:1:      amcnicky_arrival_flooded_fountain, layout_loops_ring
D:2:      layout_basic
D:3:      layout_basic, uniq_grinder
D:4:      layout_gridville, vehumet_altar_wand_db, serial_forest,
          infiniplex_forest_fountain, infiniplex_forest_lined_3_way,
          infiniplex_forest_end_2, infiniplex_forest_clump_diagonal,
          infiniplex_forest_clump_tiny, infiniplex_forest_clump_long,
          hangedman_abyss_or_decor_stagger
D:5:      layout_loops_ring, temple_statues, serial_shops,
          nicolae_shop_overgrown_old_shop, cheibrodos_gnoll_hut
D:6:      layout_basic, serial_undead, serial_undead_a, serial_undead_b,
          serial_undead_f, serial_undead_d
D:7:      layout_loops_ring, lemuel_crystal_altar, uniq_pikel
D:8:      layout_rooms, mainiacjoe_overflow_alcove_3, kennysheep_mini_moat,
          nicolae_wu_jian_immortal_techniques, minmay_gold_behind_fungi,
          corner_web_ring, hex_medium, hangedman_decor_lopped, uniq_erica,
          uniq_prince_ribbit1, uniq_joseph
Temple:   nicolae_temple_god_jail

Skill      XL: |  1  2  3  4  5  6  7  8  9 10 |
---------------+-------------------------------+-----
Unarmed Combat | 4 5 6 8 9 10 | 10.0
Fighting       | 3 7 9 |  9.7
Shields        | 3 5 |  5.0
Dodging        | |  1.5
Shapeshifting  | |  3.0

Action                     |  1- 3 |  4- 6 |  7- 9 | 10-12 || total
---------------------------+-------+-------+-------+-------++-------
  Melee: Unarmed           |    66 |   150 |   213 |    80 ||   509
         Bite              |    11 |    41 |    59 |    23 ||   134
         Punch             |     1 |       |       |       ||     1
         Headbutt          |       |       |       |     1 ||     1
  Throw: Dart              |       |     3 |     1 |     5 ||     9
Ability: Begin Untransform |       |     1 |       |       ||     1
    Use: Potion            |       |       |       |     4 ||     4
 Armour: Scale mail        |    39 |    96 |   126 |    56 ||   317
         Animal skin       |     2 |       |       |       ||     2
         Skin              |       |       |       |     3 ||     3
  Dodge: Dodged            |    22 |    52 |    68 |    58 ||   200
  Block: Buckler           |     3 |    24 |    42 |    25 ||    94

Table legend: (Time is in decaauts)
 A = Elapsed time spent in this place.
 B = Non-inter-level travel time spent in this place.
 C = Inter-level travel time spent in this place.
 D = Time resting spent in this place.
 E = Time spent auto-exploring this place.
 F = Levels seen in this place.
 G = Mean time per level.
                   A        B        C        D        E       F      G
               +--------+--------+--------+--------+--------+-----+--------+
         Total |   7251 |   6279 |    972 |    293 |   4768 |   9 |  805.7 |
       Dungeon |   7199 |   6257 |    942 |    293 |   4768 |   8 |  899.9 |
        Temple |     51 |     22 |     29 |      0 |      0 |   1 |   51.0 |
               +--------+--------+--------+--------+--------+-----+--------+

Top non-repeatable levels by time:
     D:7: 1979 daAuts
     D:6: 1343 daAuts
     D:2: 886 daAuts
     D:5: 853 daAuts
     D:4: 799 daAuts
     D:1: 783 daAuts
     D:3: 451 daAuts
     D:8: 102 daAuts
  Temple: 51 daAuts
